 Dungeon Crawl Stone Soup version 0.22-a0-271-gc000056 (webtiles) character file.

3133 tilp the Spear-Bearer (level 9, -2/63 HPs)
             Began as a Merfolk Ice Elementalist on Mar 12, 2018.
             Was a Follower of Makhleb.
             Slain by a shadow imp (5 damage)
             ... on level 7 of the Dungeon.
             The game lasted 00:28:57 (11135 turns).

tilp the Spear-Bearer (Merfolk Ice Elementalist)   Turns: 11135, Time: 00:28:57

Health: -2/63      AC:  4    Str:  8    XL:     9   Next: 92%
Magic:  11/12      EV: 14    Int: 18    God:    Makhleb [*.....]
Gold:   380        SH:  0    Dex: 14    Spells: 6/12 levels left

rFire    . . .     SeeInvis .   I - +0 trident (pierce)
rCold    . . .     Gourm    .   (no shield)
rNeg     . . .     Faith    .   a - +0 robe
rPois    .         Spirit   .   f - +0 helmet
rElec    .         Reflect  .   (no cloak)
rCorr    .         Harm     .   s - +0 pair of gloves
MR       .....                  (no boots)
Stlth    ++........             (no amulet)
HPRegen  0.20/turn              (no ring)
MPRegen  0.13/turn              (no ring)

@: very slightly contaminated, drained, invisible
A: change form in water, swift swim, stealthy swim, blink, sense surroundings 1,
screaming 1
a: Blink, Renounce Religion


You were on level 7 of the Dungeon.
You worshipped Makhleb.
Makhleb was aware of your devotion.
You were not hungry.

You visited 2 branches of the dungeon, and saw 9 of its levels.
You also visited: Sewer.

You collected 380 gold pieces.

Inventory:

Hand Weapons
 b - a +1 dagger of draining
 w - a cursed -3 hunting sling
 G - a +4 spear
 I - a +0 trident of piercing (weapon)
Missiles
 h - 82 sling bullets
 j - 255 stones (quivered)
Armour
 a - a +0 robe (worn)
 f - a +0 helmet (worn)
 m - a +0 buckler
 s - a +0 pair of gloves (worn)
Magical Staves
 u - an uncursed staff of summoning {unknown}
Jewellery
 o - an uncursed ring of protection from magic {unknown}
 q - an uncursed ring of resist corrosion {unknown}
 E - an uncursed amulet of harm {unknown}
Wands
 p - a wand of iceblast (6)
 B - a wand of paralysis (22)
 C - a wand of flame (1)
Scrolls
 i - a scroll of immolation
 k - 2 scrolls of teleportation
 n - a scroll of amnesia
 r - a scroll of enchant armour {unknown}
 t - 4 scrolls of blinking {unknown}
 y - 2 scrolls of identify {unknown}
 A - 2 scrolls of fog {unknown}
 D - a scroll of random uselessness {unknown}
 F - a scroll of remove curse {unknown}
 H - a scroll of fear {unknown}
Potions
 d - a potion of lignification {unknown}
 e - a potion of mutation
 g - a potion of magic
 l - 2 potions of might
 v - a potion of haste {unknown}
 x - 2 potions of curing
 z - a potion of invisibility
Comestibles
 c - 12 rations


   Skills:
 - Level 3.0(2.7) Fighting
 - Level 14.0(13.7) Polearms
 - Level 5.1(4.8) Dodging
 - Level 2.1(1.9) Stealth
 + Level 3.5(3.2) Shields
 - Level 2.0(1.7) Spellcasting
 - Level 0.7(0.5) Conjurations
 - Level 2.4(2.1) Charms
 - Level 7.1(6.8) Ice Magic


You had 6 spell levels left.
You knew the following spells:

 Your Spells              Type           Power        Failure   Level  Hunger
a - Freeze                Ice            ####         1%          1    #......
b - Throw Frost           Conj/Ice       ##....       6%          2    ###....
c - Ozocubu's Armour      Chrm/Ice       ###.....     9%          3    ###....


Dungeon Overview and Level Annotations

Branches:
Dungeon (8/15)             Temple (1/1) D:4
   Lair: D:8-11

Altars:
Ashenzari
Cheibriados
Dithmenos
Elyvilon
Fedhas
Gozag
Hepliaklqana
Kikubaaqudgha
Makhleb
Okawaru
Qazlal
Ru
Sif Muna
Trog
Uskayaw
Vehumet
Wu Jian
Xom
Yredelemnul
Zin
The Shining One

Shops:
D:5 *

Annotations:
D:2 exclusions: 2 gnolls and kobold
D:3 1 runed door, Nib's ghost, amateur MiFi
D:4 1 exclusion
D:5 exclusion: ogre


Innate Abilities, Weirdness & Mutations

You revert to your normal form in water.
You are very nimble and swift while swimming.
You are very stealthy in the water. (Stealth+)
You can translocate small distances at will.
You passively map a small area around you.
You occasionally shout uncontrollably at your foes.


Message History

Confirm with . or Enter, or press ? or * to list all spells.
Aiming: Freeze (safe; 1% risk of failure)
Press: ? - help, Shift-Dir - straight line, f/p - shadow imp
Aim: a shadow imp (moderately wounded)
You freeze the shadow imp.
The shadow imp resists.
The shadow imp is heavily wounded.
The wyvern hisses angrily.
The shadow imp gestures at you. Pain shoots through your body!
* * * LOW HITPOINT WARNING * * *
Casting: Freeze (safe; 1% risk of failure)
Confirm with . or Enter, or press ? or * to list all spells.
Aiming: Freeze (safe; 1% risk of failure)
Press: ? - help, Shift-Dir - straight line, f/p - shadow imp
Aim: a shadow imp (heavily wounded)
You freeze the shadow imp.
The shadow imp resists.
The shadow imp is heavily wounded.
The wyvern hisses angrily.
The shadow imp hits you.
You die...

#####################
#.))................#####
#.#################......
#.##...5@............####
####.##.#####.#####..###.##
#.......# #.# #.## ##.#
#......l# ###.### #.# #.#
##.......# #....(# #.## ##.##
#........# #.###.# #..# #.##.
#<.....>.####################
#........#...................
#........#..#...#...#...#...#


You could see a shadow imp.

Vanquished Creatures
  Edmund (D:6)
  A sky beast (D:5)
  2 ice beasts
  A phantom (D:7)
  4 ogres
  4 centaurs
  2 bullfrogs
  A gnoll sergeant (D:7)
  2 scorpions
  5 killer bees (D:7)
  A howler monkey (D:6)
  5 wights (D:7)
  4 crimson imps
  2 bullfrog zombies
  2 centaur zombies
  4 orc priests
  3 jellies
  5 hounds
  A bullfrog skeleton (D:6)
  An iguana (D:7)
  2 orc wizards
  6 worker ants
  A worker ant zombie (D:5)
  10 adders
  4 gnolls (D:7)
  11 oozes
  5 worms
  A dart slug (D:2)
  16 leopard geckos
  16 orcs
  4 bats (D:1)
  20 giant cockroaches
  7 goblins
  7 hobgoblins
  3 jackals (D:2)
  9 quokkas
  9 ball pythons
  17 frilled lizards
  A jackal skeleton (D:8)
  6 kobolds
  A leopard gecko zombie (D:6)
  13 rats
220 creatures vanquished.

Vanquished Creatures (others)
  3 plants (D:6)
3 creatures vanquished.

Grand Total: 223 creatures vanquished

Notes
Turn   | Place    | Note
-------+----------+-------------------------------------------
     0 | D:1      | tilp the Merfolk Ice Elementalist began the quest for the Orb.
     0 | D:1      | Reached XP level 1. HP: 13/13 MP: 3/3
   290 | D:1      | Reached XP level 2. HP: 19/19 MP: 3/5
   790 | D:1      | Reached XP level 3. HP: 24/24 MP: 4/6
   794 | D:1      | Learned a level 2 spell: Throw Frost
   798 | D:1      | Learned a level 3 spell: Ozocubu's Armour
  1320 | D:2      | Found a shimmering altar of Xom.
  1480 | D:2      | Reached skill level 5 in Ice Magic
  1753 | D:2      | Reached XP level 4. HP: 30/30 MP: 5/7
  2292 | D:3      | Noticed Nib's ghost (amateur MiFi)
  2627 | D:3      | Found a faded altar of an unknown god.
  2966 | D:3      | Reached XP level 5. HP: 34/35 MP: 0/8
  3077 | D:3      | Found a runed door.
  3806 | D:4      | Found a glowing golden altar of the Shining One.
  3958 | D:4      | Found a staircase to the Ecumenical Temple.
  4170 | D:4      | Reached XP level 6. HP: 38/42 MP: 1/9
  4204 | D:4      | Reached skill level 1 in Fighting
  4208 | D:4      | Found a glowing drain.
  4215 | Sewer    | Entered a sewer
  5372 | D:4      | Found a shattered altar of Ashenzari.
  5372 | D:4      | Found a shadowy altar of Dithmenos.
  5451 | D:4      | Reached XP level 7. HP: 44/52 MP: 2/10
  5548 | D:4      | Reached skill level 5 in Dodging
  5573 | D:4      | Reached skill level 1 in Charms
  6048 | Temple   | Entered the Ecumenical Temple
  6553 | D:5      | Entered Level 5 of the Dungeon
  6659 | D:5      | Reached skill level 2 in Polearms
  6665 | D:5      | Reached skill level 3 in Polearms
  6793 | D:5      | Reached skill level 4 in Polearms
  6824 | D:5      | Reached skill level 5 in Polearms
  7013 | D:5      | Reached XP level 8. HP: 58/58 MP: 8/11
  7048 | D:5      | Found Wehab's Assorted Antiques.
  7058 | D:5      | Reached skill level 6 in Polearms
  7159 | D:5      | Reached skill level 7 in Polearms
  7346 | D:5      | Reached skill level 8 in Polearms
  7564 | D:5      | Reached skill level 9 in Polearms
  7811 | D:5      | Found an iron altar of Okawaru.
  7921 | D:5      | Reached skill level 10 in Polearms
  8208 | D:5      | Found a glowing silver altar of Zin.
  8478 | D:6      | Found an opulent altar of Gozag.
  8585 | D:6      | Found a sacrificial altar of Ru.
  8650 | D:6      | Found a blossoming altar of Fedhas.
  8696 | D:6      | Reached skill level 11 in Polearms
  8696 | D:6      | Reached XP level 9. HP: 62/63 MP: 12/12
  8849 | D:6      | Found a radiant altar of Vehumet.
  8850 | D:6      | Found a burning altar of Makhleb.
  8857 | D:6      | Became a worshipper of Makhleb the Destroyer
  8926 | D:6      | Noticed Edmund
  8941 | D:6      | Killed Edmund
  9084 | D:6      | Found an iron altar of Okawaru.
  9089 | D:6      | Reached skill level 12 in Polearms
  9607 | D:7      | Reached skill level 13 in Polearms
 10351 | D:7      | Found a white marble altar of Elyvilon.
 10402 | D:7      | Reached skill level 14 in Polearms
 10426 | D:7      | Reached * piety under Makhleb
 10426 | D:7      | Reached skill level 1 in Shields
 11132 | D:7      | Gained mutation: You occasionally shout uncontrollably at your foes. [potion of mutation]
 11132 | D:7      | Gained mutation: You can translocate small distances at will. [potion of mutation]
 11132 | D:7      | Gained mutation: You passively map a small area around you. [potion of mutation]
 11134 | D:7      | HP: 2/63 [shadow imp/nerve-wracking pain (11)]
 11135 | D:7      | Slain by a shadow imp

Vault maps used:
D:1:      arrival_zaba_pyramid
D:2:      lemuel_doored_altar
D:3:      chequers_ecumenical_altar_grove, uniq_crazy_yiuf_cottage
D:4:      lemuel_crystal_altar, grunt_temple_overflow_open, temple_doors_e,
          first_ration, gup_sewer_entry_spiral
D:5:      zin_statuary, kennysheep_mini, serial_shops,
          nicolae_shop_overgrown_old_shop, kennysheep_generic_room_12
D:6:      grunt_temple_overflow_lords_of_destruction, kennysheep_mini_moat,
          fedhas_altar_decomposition, lemuel_round_altar, okawaru_gym_becter,
          uniq_edmund
D:7:      lemuel_coloured_pillars_altar
D:8:      nemelex_xobeh_ov_fountains_minmay
Temple:   jpeg_temple_island
Sewer:    sewer_frog_island_02

Skill      XL: |  1  2  3  4  5  6  7  8  9 |
---------------+----------------------------+-----
Ice Magic      | 4 5 6 7 |  7.1
Fighting       | 3 |  3.0
Dodging        | 4 5 |  5.1
Charms         | 2 |  2.4
Polearms       | 5 11 14 | 14.0
Shields        | 3 |  3.5
Stealth        | |  2.1
Spellcasting   | |  2.0
Conjurations   | |  0.7

Action                   |  1- 3 |  4- 6 |  7- 9 || total
-------------------------+-------+-------+-------++-------
Melee: Dagger            |    36 |   139 |    45 ||   220
       Tailslap          |       |     1 |       ||     1
       Trident           |       |       |   267 ||   267
Throw: Stone             |    11 |    19 |    18 ||    48
 Cast: Freeze            |    45 |   160 |   152 ||   357
       Ozocubu's Armour  |     3 |    13 |    28 ||    44
       Throw Frost       |     1 |     2 |    17 ||    20
Evoke: Wand              |       |     1 |     2 ||     3
  Use: Scroll            |       |     3 |     1 ||     4
       Potion            |       |       |     5 ||     5
 Stab: Sleeping          |     4 |     8 |     3 ||    15
       Distracted        |       |     1 |       ||     1
  Eat: Chunk             |     4 |    16 |    16 ||    36
       Ration            |       |       |     3 ||     3
Armor: Robe              |    10 |    42 |    77 ||   129
Dodge: Dodged            |    34 |   159 |   267 ||   460

Table legend:
 A = Spawn XP
 B = Non-spawn XP
 C = Spawn XP percentage of total XP
 D = Spawn monster count
 E = Non-spawn monster count
 F = Spawn count percentage of total count
 G = Total turns spent on level
                    A         B        C        D         E        F      G
               +---------+---------+-------+---------+---------+-------+---------
         Total |       0 |    4477 |   0.0 |       0 |     220 |   0.0 | 11135
               +---------+---------+-------+---------+---------+-------+---------
           D:1 |       0 |      35 |   0.0 |       0 |      20 |   0.0 |   996
           D:2 |       0 |      78 |   0.0 |       0 |      33 |   0.0 |  1389
           D:3 |       0 |      68 |   0.0 |       0 |      17 |   0.0 |  1442
           D:4 |       0 |     318 |   0.0 |       0 |      26 |   0.0 |  1202
           D:5 |       0 |    1359 |   0.0 |       0 |      27 |   0.0 |  1765
           D:6 |       0 |     753 |   0.0 |       0 |      14 |   0.0 |  1271
           D:7 |       0 |    1604 |   0.0 |       0 |      29 |   0.0 |  1521
           D:8 |       0 |       1 |   0.0 |       0 |       1 |   0.0 |    25
         Sewer |       0 |     261 |   0.0 |       0 |      53 |   0.0 |  1043
               +---------+---------+-------+---------+---------+-------+---------
